TOP OF THE 1ST |
Pawtucket Red Sox batting - Pitching for Scranton WB RailRiders : RHP Leo Gonzales
|
Pitching: RHP Leo Gonzales
|
|
Batting: LHB Tim Fuller
|
0-0: Ball 1-0: Called Strike 1-1: DOUBLE (Groundball, 5L, EV 102.5 MPH)
|
Batting: RHB Eric Garrett
|
0-0: Called Strike 0-1: Ball 1-1: SINGLE (Line Drive, 4D, EV 95.0 MPH) Tim Fuller to third
|
Batting: LHB Brian Gray
|
0-0: Ball 1-0: Grounds out, U3 (Groundball, 3L, EV 88.1 MPH) Tim Fuller scores
|
Batting: LHB John Bailey
|
0-0: Ball 1-0: Ball 2-0: Ball 3-0: SINGLE (Groundball, 6S, EV 73.1 MPH) (infield hit) Eric Garrett to third
|
Batting: RHB Ernie Genier
|
0-0: Ball 1-0: Ball John Bailey steals 2nd base 2-0: Ground out 6-3 (Groundball, 6, EV 88.8 MPH) Eric Garrett scores John Bailey to third
|
Batting: LHB Noel Young
|
0-0: Swinging Strike 0-1: Ball 1-1: Called Strike 1-2: Ground out 6-3 (Groundball, 6M, EV 101.2 MPH)
|
Top of the 1st over - 2 runs, 3 hits, 0 errors, 1 left on base; Pawtucket 2 - Scranton WB 0 |
BOTTOM OF THE 1ST |
Scranton WB RailRiders batting - Pitching for Pawtucket Red Sox : RHP Steve Capizzi
|
Pitching: RHP Steve Capizzi
|
|
Batting: RHB Devon Utley
|
0-0: Ball 1-0: Foul Ball, location: 2F 1-1: Ball 2-1: Swinging Strike 2-2: Foul Ball, location: 2F 2-2: SINGLE (Groundball, 34D, EV 86.2 MPH) (infield hit)
|
Batting: LHB Dan Morris
|
0-0: Foul Ball, location: 2F 0-1: Ball 1-1: Called Strike 1-2: Foul Ball, location: 2F 1-2: Ball 2-2: Foul Ball, location: 2F 2-2: Fly out, F7 (Flyball, 7LSF, EV 82.5 MPH)
|
Batting: SHB Mukhtar Wa'il
|
0-0: SINGLE (Line Drive, 34, EV 98.8 MPH) Devon Utley to second
|
Batting: LHB Joel Vera
|
0-0: Called Strike 0-1: Ball 1-1: Ground out 5-3 (Groundball, 56, EV 83.1 MPH) Devon Utley to third Mukhtar Wa'il to second
|
Batting: LHB Jose Lebron
|
0-0: Ground out 4-3 (Groundball, 4, EV 87.5 MPH)
|
Bottom of the 1st over - 0 runs, 2 hits, 0 errors, 2 left on base; Pawtucket 2 - Scranton WB 0 |
TOP OF THE 2ND |
Pawtucket Red Sox batting - Pitching for Scranton WB RailRiders : RHP Leo Gonzales
|
Batting: RHB John Chiesa
|
0-0: Swinging Strike 0-1: Ball 1-1: Called Strike 1-2: Foul Ball, location: 2F 1-2: Ball 2-2: SINGLE (Line Drive, 9LS, EV 106.9 MPH)
|
Batting: RHB Neil Mautone
|
0-0: Ball 1-0: Ball 2-0: Fly out, F8 (Flyball, 78M, EV 73.8 MPH)
|
Batting: RHB Joe Evrard
|
0-0: Ball John Chiesa steals 2nd base (no throw) 1-0: Ground out 5-3 (Groundball, 56, EV 86.2 MPH)
|
Batting: LHB Tim Fuller
|
0-0: Ball 1-0: Fly out, F8 (Flyball, 8LD, EV 81.2 MPH)
|
Top of the 2nd over - 0 runs, 1 hit, 0 errors, 1 left on base; Pawtucket 2 - Scranton WB 0 |
BOTTOM OF THE 2ND |
Scranton WB RailRiders batting - Pitching for Pawtucket Red Sox : RHP Steve Capizzi
|
Batting: RHB Mike Gifford
|
0-0: Fly out, F3 (Popup, 3SF, EV 82.5 MPH)
|
Batting: LHB Aaron Joyner
|
0-0: Called Strike 0-1: Swinging Strike 0-2: Foul Ball, location: 2F 0-2: Strikes out swinging
|
Batting: SHB Edwin Dominguez
|
0-0: Ball 1-0: SINGLE (Groundball, 5D, EV 96.9 MPH)
|
Batting: SHB Joe Fure
|
0-0: Ball 1-0: Ground out 2-3 (Groundball, 2R, EV 65.0 MPH)
|
Bottom of the 2nd over - 0 runs, 1 hit, 0 errors, 1 left on base; Pawtucket 2 - Scranton WB 0 |
TOP OF THE 3RD |
Pawtucket Red Sox batting - Pitching for Scranton WB RailRiders : RHP Leo Gonzales
|
Batting: RHB Eric Garrett
|
0-0: Swinging Strike 0-1: Ball 1-1: Ground out 6-3 (Groundball, 6, EV 87.5 MPH)
|
Batting: LHB Brian Gray
|
0-0: Ball 1-0: Ball 2-0: Foul Ball, location: 2F 2-1: Ball 3-1: Base on Balls
|
Batting: LHB John Bailey
|
0-0: Ball 1-0: Ball 2-0: Ball 3-0: Fielders Choice at 2nd, 4-6 (Groundball, 34, EV 81.2 MPH)
|
Batting: RHB Ernie Genier
|
0-0: Called Strike John Bailey steals 2nd, throwing error, E2 John Bailey to third 0-1: Swinging Strike 0-2: Ball 1-2: Ball 2-2: Ball 3-2: Base on Balls
|
Batting: LHB Noel Young
|
0-0: Ball 1-0: Ball 2-0: Foul Ball, location: 2F 2-1: Called Strike 2-2: Ball 3-2: Foul Ball, location: 2F 3-2: Foul Ball, location: 2F 3-2: Base on Balls Ernie Genier to second
|
Batting: RHB John Chiesa
|
0-0: Called Strike 0-1: Swinging Strike 0-2: Ball 1-2: Strikes out swinging
|
Top of the 3rd over - 0 runs, 0 hits, 1 error, 3 left on base; Pawtucket 2 - Scranton WB 0 |
BOTTOM OF THE 3RD |
Scranton WB RailRiders batting - Pitching for Pawtucket Red Sox : RHP Steve Capizzi
|
Batting: RHB Devon Utley
|
0-0: Called Strike 0-1: Swinging Strike 0-2: Ball 1-2: Foul Ball, location: 2F 1-2: Ball 2-2: Strikes out looking
|
Batting: LHB Dan Morris
|
0-0: Ball 1-0: Called Strike 1-1: SINGLE (Groundball, 5D, EV 106.2 MPH)
|
Batting: SHB Mukhtar Wa'il
|
0-0: Foul Ball, location: 2F 0-1: Swinging Strike 0-2: Foul Ball, location: 2F 0-2: Ball 1-2: Strikes out swinging
|
Batting: LHB Joel Vera
|
0-0: Called Strike 0-1: Ball 1-1: Ball 2-1: Called Strike 2-2: Hit by Pitch Dan Morris to second
|
Batting: LHB Jose Lebron
|
0-0: Ground out 5-3 (Groundball, 56S, EV 79.4 MPH)
|
Bottom of the 3rd over - 0 runs, 1 hit, 0 errors, 2 left on base; Pawtucket 2 - Scranton WB 0 |
TOP OF THE 4TH |
Pawtucket Red Sox batting - Pitching for Scranton WB RailRiders : RHP Leo Gonzales
|
Batting: RHB Neil Mautone
|
0-0: Ball 1-0: Called Strike 1-1: Ball 2-1: Ball 3-1: Ground out 5-3 (Groundball, 56S, EV 82.5 MPH)
|
Batting: RHB Joe Evrard
|
0-0: Foul Ball, location: 2F 0-1: Ball 1-1: Ball 2-1: Reached on error, E4 (Groundball, 4S, EV 83.1 MPH)
|
Batting: LHB Tim Fuller
|
0-0: Fielders Choice at 2nd, 6-4 (Groundball, 6, EV 96.9 MPH)
|
Batting: RHB Eric Garrett
|
0-0: Called Strike 0-1: Ball 1-1: Ball 2-1: Foul Ball, location: 2F 2-2: Ball 3-2: Ground out 6-3 (Groundball, 6, EV 96.9 MPH)
|
Top of the 4th over - 0 runs, 0 hits, 1 error, 1 left on base; Pawtucket 2 - Scranton WB 0 |
BOTTOM OF THE 4TH |
Scranton WB RailRiders batting - Pitching for Pawtucket Red Sox : RHP Steve Capizzi
|
Batting: RHB Mike Gifford
|
0-0: Called Strike 0-1: DOUBLE (Flyball, 8RXD, EV 98.1 MPH)
|
Batting: LHB Aaron Joyner
|
0-0: Ball 1-0: Ball 2-0: Ground out 4-3 (Groundball, 4, EV 81.9 MPH) Mike Gifford to third
|
Batting: SHB Edwin Dominguez
|
0-0: Ball 1-0: Called Strike 1-1: Foul Ball, location: 2F 1-2: Hit by Pitch
|
Batting: SHB Joe Fure
|
0-0: Ball Wild Pitch! Mike Gifford scores Edwin Dominguez to second 1-0: Ground out 6-3 (Groundball, 6, EV 85.6 MPH) Edwin Dominguez to third
|
Batting: RHB Devon Utley
|
0-0: Ball 1-0: Called Strike 1-1: Swinging Strike 1-2: Strikes out swinging, 2-3 out at first.
|
Bottom of the 4th over - 1 run, 1 hit, 0 errors, 1 left on base; Pawtucket 2 - Scranton WB 1 |
TOP OF THE 5TH |
Pawtucket Red Sox batting - Pitching for Scranton WB RailRiders : RHP Leo Gonzales
|
Batting: LHB Brian Gray
|
0-0: Ball 1-0: Ball 2-0: Called Strike 2-1: Swinging Strike 2-2: Ball 3-2: Foul Ball, location: 2F 3-2: Base on Balls
|
Batting: LHB John Bailey
|
0-0: Ball 1-0: Called Strike Brian Gray steals 2nd base 1-1: Swinging Strike 1-2: Ground out 6-3 (Groundball, 6D, EV 103.8 MPH)
|
Batting: RHB Ernie Genier
|
0-0: Called Strike 0-1: Foul Ball, location: 2F 0-2: Ground out 4-3 (Groundball, 4, EV 88.1 MPH) Brian Gray to third
|
Batting: LHB Noel Young
|
0-0: Reached on error, E4 (Groundball, 4, EV 87.5 MPH) Brian Gray scores
|
Batting: RHB John Chiesa
|
0-0: Ball 1-0: Swinging Strike 1-1: Called Strike 1-2: Strikes out swinging
|
Top of the 5th over - 1 run, 0 hits, 1 error, 1 left on base; Pawtucket 3 - Scranton WB 1 |
BOTTOM OF THE 5TH |
Scranton WB RailRiders batting - Pitching for Pawtucket Red Sox : RHP Steve Capizzi
|
Batting: LHB Dan Morris
|
0-0: Ball 1-0: Foul Ball, location: 2F 1-1: Ball 2-1: Foul Ball, location: 2F 2-2: Strikes out swinging
|
Batting: SHB Mukhtar Wa'il
|
0-0: Ball 1-0: Foul Ball, location: 2F 1-1: Ball 2-1: Reached on error, E9 (Flyball, 89S, EV 86.2 MPH)
|
Batting: LHB Joel Vera
|
0-0: Foul Ball, location: 2F 0-1: Swinging Strike 0-2: Ball 1-2: Foul Ball, location: 2F 1-2: Strikes out swinging
|
Batting: LHB Jose Lebron
|
0-0: Called Strike 0-1: Called Strike 0-2: Ball 1-2: Ground out 4-3 (Groundball, 34, EV 87.5 MPH)
|
Bottom of the 5th over - 0 runs, 0 hits, 1 error, 1 left on base; Pawtucket 3 - Scranton WB 1 |
TOP OF THE 6TH |
Pawtucket Red Sox batting - Pitching for Scranton WB RailRiders : RHP Leo Gonzales
|
Batting: RHB Neil Mautone
|
0-0: Ground out 1-3 (Groundball, 13S, EV 68.1 MPH)
|
Batting: RHB Joe Evrard
|
0-0: Foul Ball, location: 2F 0-1: Foul Ball, location: 2F 0-2: Ball 1-2: Ground out 6-3 (Groundball, 6, EV 90.0 MPH)
|
Batting: LHB Tim Fuller
|
0-0: Ball 1-0: Ball 2-0: Foul Ball, location: 2F 2-1: Ball 3-1: Swinging Strike 3-2: Fly out, F8 (Flyball, 8LD, EV 87.5 MPH)
|
Top of the 6th over - 0 runs, 0 hits, 0 errors, 0 left on base; Pawtucket 3 - Scranton WB 1 |
BOTTOM OF THE 6TH |
Scranton WB RailRiders batting - Pitching for Pawtucket Red Sox : RHP Steve Capizzi
|
Batting: RHB Mike Gifford
|
0-0: Foul Ball, location: 2F 0-1: Called Strike 0-2: Ball 1-2: Strikes out swinging
|
Batting: LHB Aaron Joyner
|
0-0: Ground out 1-3 (Groundball, 15S, EV 67.5 MPH)
|
Batting: SHB Edwin Dominguez
|
0-0: Ball 1-0: Ball 2-0: Ball 3-0: Called Strike 3-1: Foul Ball, location: 2F 3-2: Foul Ball, location: 2F 3-2: Foul Ball, location: 2F 3-2: Foul Ball, location: 2F 3-2: SINGLE (Line Drive, 6D, EV 105.6 MPH)
|
Batting: SHB Joe Fure
|
0-0: Ball 1-0: Ball 2-0: Foul Ball, location: 2F 2-1: Called Strike 2-2: Ball 3-2: Foul Ball, location: 2F 3-2: Ground out U3 (Groundball, 23, EV 91.2 MPH)
|
Bottom of the 6th over - 0 runs, 1 hit, 0 errors, 1 left on base; Pawtucket 3 - Scranton WB 1 |
TOP OF THE 7TH |
Pawtucket Red Sox batting - Pitching for Scranton WB RailRiders : RHP Leo Gonzales
|
Pitching: LHP Ramon Escobedo
|
|
Batting: RHB Eric Garrett
|
0-0: Foul Ball, location: 2F 0-1: Swinging Strike 0-2: Ground out 6-3 (Groundball, 6, EV 103.1 MPH)
|
Batting: LHB Brian Gray
|
0-0: Ground out 5-3 (Groundball, 25, EV 81.9 MPH)
|
Batting: LHB John Bailey
|
0-0: Foul Ball, location: 2F 0-1: Called Strike 0-2: Ground out U3 (Groundball, 3, EV 80.6 MPH)
|
Top of the 7th over - 0 runs, 0 hits, 0 errors, 0 left on base; Pawtucket 3 - Scranton WB 1 |
BOTTOM OF THE 7TH |
Scranton WB RailRiders batting - Pitching for Pawtucket Red Sox : RHP Steve Capizzi
|
Pitching: RHP Jon Mercado
|
|
Batting: RHB Devon Utley
|
0-0: Ball 1-0: Ball 2-0: Ball 3-0: Base on Balls
|
Batting: LHB Dan Morris
|
0-0: Ball Devon Utley steals 2nd base 1-0: Called Strike 1-1: Swinging Strike 1-2: Ball 2-2: Foul Ball, location: 2F 2-2: Ball 3-2: Foul Ball, location: 2F 3-2: Base on Balls
|
Batting: SHB Mukhtar Wa'il
|
0-0: Foul Ball, location: 2F 0-1: Ball 1-1: Fly out, F7 (Flyball, 78D, EV 91.2 MPH) Runner from 2nd tags up, SAFE at 3rd with throw by LF
|
Batting: LHB Joel Vera
|
0-0: Called Strike 0-1: Called Strike 0-2: Ball 1-2: SINGLE (Flyball, 7LS, EV 87.5 MPH) Devon Utley scores Dan Morris to second
|
Batting: LHB Jose Lebron
|
0-0: Ball 1-0: Called Strike 1-1: Called Strike Dan Morris steals 3rd, throwing error, E2 Dan Morris scores Joel Vera to third 1-2: Ball 2-2: Ball 3-2: Foul Ball, location: 2F 3-2: Fly out, F8 (Flyball, 8RM, EV 91.9 MPH) Runner from 3rd tags up, SCORES, no throw by CF
|
Pitching: RHP Pedro Torres
|
|
Batting: RHB Mike Gifford
|
0-0: Ground out 6-3 (Groundball, 6, EV 92.5 MPH)
|
Bottom of the 7th over - 3 runs, 1 hit, 1 error, 0 left on base; Pawtucket 3 - Scranton WB 4 |
TOP OF THE 8TH |
Pawtucket Red Sox batting - Pitching for Scranton WB RailRiders : LHP Ramon Escobedo
|
Batting: RHB Ernie Genier
|
0-0: Called Strike 0-1: Called Strike 0-2: Hit by Pitch
|
Batting: LHB Noel Young
|
0-0: Ball 1-0: Bunt missed! 1-1: Ball 2-1: Bunted foul 2-2: Ball 3-2: Base on Balls Ernie Genier to second
|
Batting: RHB John Chiesa
|
0-0: Sac Bunt to 3S - play at first, batter OUT! 3-4 Ernie Genier to third Noel Young to second
|
Batting: RHB Neil Mautone
|
0-0: Ball 1-0: Reached on error, E6 (Groundball, 6, EV 94.4 MPH) Ernie Genier scores Noel Young scores
|
Batting: RHB Joe Evrard
|
0-0: Ball 1-0: Foul Ball, location: 2F 1-1: Called Strike 1-2: Ball 2-2: Foul Ball, location: 2F 2-2: Foul Ball, location: 2F 2-2: Foul Ball, location: 2F 2-2: SINGLE (Groundball, 4MD, EV 105.6 MPH) Neil Mautone to third
|
Batting: LHB Tim Fuller
|
|
Pinch Hitting: RHB Dave Nickerson
|
0-0: Ball 1-0: Ground out 5-3 (Groundball, 15, EV 79.4 MPH) Joe Evrard to second
|
Batting: RHB Eric Garrett
|
0-0: Called Strike 0-1: Ball 1-1: Ball 2-1: Ball 3-1: Base on Balls
|
Batting: LHB Brian Gray
|
0-0: Called Strike 0-1: Ground out 1-3 (Groundball, 13S, EV 70.6 MPH)
|
Top of the 8th over - 2 runs, 1 hit, 1 error, 3 left on base; Pawtucket 5 - Scranton WB 4 |
BOTTOM OF THE 8TH |
Scranton WB RailRiders batting - Pitching for Pawtucket Red Sox : RHP Pedro Torres
|
Now at 2B: Gus Cruz
|
|
Batting: LHB Aaron Joyner
|
0-0: SINGLE (Line Drive, 78S, EV 91.2 MPH)
|
Batting: SHB Edwin Dominguez
|
0-0: Bunted foul 0-1: Ball 1-1: Ball 2-1: Sac Bunt to 2L - play at first, batter OUT! 2-3 Aaron Joyner to second
|
Batting: SHB Joe Fure
|
0-0: Called Strike 0-1: Swinging Strike 0-2: Ball 1-2: Ball 2-2: SINGLE (Groundball, 4S, EV 63.8 MPH) (infield hit) Aaron Joyner to third
|
Batting: RHB Devon Utley
|
0-0: SINGLE (Groundball, 4, EV 96.9 MPH) Aaron Joyner scores Joe Fure to second
|
Batting: LHB Dan Morris
|
0-0: Fielders Choice at 2nd, 4-6 (Groundball, 34, EV 88.8 MPH) Joe Fure to third
|
Batting: SHB Mukhtar Wa'il
|
0-0: Ball 1-0: Ball 2-0: Called Strike 2-1: Foul Ball, location: 2F 2-2: Strikes out swinging
|
Bottom of the 8th over - 1 run, 3 hits, 0 errors, 2 left on base; Pawtucket 5 - Scranton WB 5 |
TOP OF THE 9TH |
Pawtucket Red Sox batting - Pitching for Scranton WB RailRiders : LHP Ramon Escobedo
|
Pitching: RHP John Robidoux
|
|
Batting: LHB John Bailey
|
0-0: Ball 1-0: Foul Ball, location: 2F 1-1: Ball 2-1: Foul Ball, location: 2F 2-2: Ground out U3 (Groundball, 3L, EV 105.6 MPH)
|
Batting: RHB Ernie Genier
|
0-0: Ball 1-0: Ball 2-0: Called Strike 2-1: Ball 3-1: Called Strike 3-2: Base on Balls
|
Batting: LHB Noel Young
|
0-0: Ball 1-0: Called Strike 1-1: Ball 2-1: Called Strike 2-2: Strikes out looking
|
Batting: RHB John Chiesa
|
0-0: Ball 1-0: Called Strike 1-1: Fielders Choice at 2nd, 6-4 (Groundball, 6, EV 101.9 MPH)
|
Top of the 9th over - 0 runs, 0 hits, 0 errors, 1 left on base; Pawtucket 5 - Scranton WB 5 |
BOTTOM OF THE 9TH |
Scranton WB RailRiders batting - Pitching for Pawtucket Red Sox : RHP Pedro Torres
|
Pitching: RHP Danny Klomp
|
|
Batting: LHB Joel Vera
|
0-0: Called Strike 0-1: Called Strike 0-2: Foul Ball, location: 2F 0-2: Ball 1-2: Strikes out swinging
|
Batting: LHB Jose Lebron
|
0-0: Ball 1-0: Swinging Strike 1-1: Foul Ball, location: 2F 1-2: Ball 2-2: Foul Ball, location: 2F 2-2: Ball 3-2: Foul Ball, location: 2F 3-2: Strikes out swinging
|
Batting: RHB Mike Gifford
|
0-0: Foul Ball, location: 2F 0-1: Ball 1-1: Ground out U3 (Groundball, 34S, EV 80.0 MPH)
|
Bottom of the 9th over - 0 runs, 0 hits, 0 errors, 0 left on base; Pawtucket 5 - Scranton WB 5 |
TOP OF THE 10TH |
Pawtucket Red Sox batting - Pitching for Scranton WB RailRiders : RHP John Robidoux
|
Batting: RHB Neil Mautone
|
0-0: Ball 1-0: Called Strike 1-1: Ground out 6-3 (Groundball, 56, EV 108.1 MPH)
|
Pinch Hitting: LHB Mike Jones
|
0-0: Called Strike 0-1: Ball 1-1: Swinging Strike 1-2: Fly out, F9 (Flyball, 9LM, EV 78.8 MPH)
|
Batting: SHB Gus Cruz
|
0-0: Ground out 5-3 (Groundball, 5, EV 82.5 MPH)
|
Top of the 10th over - 0 runs, 0 hits, 0 errors, 0 left on base; Pawtucket 5 - Scranton WB 5 |
BOTTOM OF THE 10TH |
Scranton WB RailRiders batting - Pitching for Pawtucket Red Sox : RHP Danny Klomp
|
Pitching: RHP Jaime Dunning
|
|
Now at SS: Brandon Perris
|
|
Batting: LHB Aaron Joyner
|
0-0: Ball 1-0: Called Strike 1-1: Swinging Strike 1-2: Foul Ball, location: 2F 1-2: Strikes out swinging
|
Batting: SHB Edwin Dominguez
|
0-0: Fly out, F8 (Flyball, 8LD, EV 89.4 MPH)
|
Batting: SHB Joe Fure
|
0-0: Ball 1-0: DOUBLE (Flyball, 8RXD, EV 90.6 MPH)
|
Batting: RHB Devon Utley
|
0-0: Reached on error, E4 (Groundball, 4, EV 90.6 MPH) Joe Fure scores
|
Bottom of the 10th over - 1 run, 1 hit, 1 error, 1 left on base; Pawtucket 5 - Scranton WB 6 |
|